[Event "Titled Tuesday Blitz June 27 Late 2023"]
[White "Tiglon, Bryce"]
[Black "Yoo, Christopher Woojin"]
[WhiteFideId "2087456"]
[BlackFideId "30909694"]
[WhiteElo "2773"]
[BlackElo "2986"]
[Result "1-0"]
[Round "4"]
[TimeControl "180+2"]
[Date "2023.06.27"]
[WhiteClock "0:00:04"]
[BlackClock "0:00:00"]
[Board "14"]

1. Nf3 c5 2. e3 Nc6 3. d4 cxd4 4. Nxd4 Nf6 5. c4 e5 6. Nb5 d6 7. N1c3 a6 8. Na3 Be6 9. e4 g6 10. Be2 Bg7 11. Be3 O-O 12. O-O Ne8 13. Nc2 f5 14. exf5 gxf5 15. Nd5 f4 16. Bb6 Qd7 17. f3 Ne7 18. Nxe7+ Qxe7 19. Nb4 Nf6 20. Nd5 Nxd5 21. cxd5 Bf5 22. Bd3 Qd7 23. Bxf5 Qxf5 24. Qa4 Rac8 25. Rac1 Rxc1 26. Rxc1 Rc8 27. Rxc8+ Qxc8 28. Kf2 Kf7 29. Ke2 Bf6 30. Ba5 b5 31. Qe4 Kg7 32. Bd2 h5 33. b3 h4 34. a4 h3 35. Kf1 bxa4 36. bxa4 Bh4 37. g3 Bxg3 38. hxg3 h2 39. Kg2 Qh8 40. Kh1 Qh3 41. gxf4 Qf1+ 42. Kxh2 Qf2+ 43. Kh3 Qxd2 44. fxe5 Qh6+ 45. Kg4 Qh2 46. exd6 Qg2+ 47. Kf4 Qh2+ 48. Kf5 Qh5+ 49. Kf4 Qh2+ 50. Ke3 Qxd6 51. Qg4+ Kh7 52. Qh3+ Kg7 53. Qg4+ Kh7 54. Qf5+ Kg7 55. Qe4 Qc5+ 56. Kf4 Kf7 57. Qe6+ Kf8 58. Qf6+ Ke8 59. Qc6+ 1-0


[Site "https://www.chess.com"]

[Event "Titled Tuesday Blitz June 27 Late 2023"]
[White "Korobov, Anton"]
[Black "Morefield, Jason"]
[WhiteFideId "14105730"]
[BlackFideId "30920825"]
[WhiteElo "2978"]
[BlackElo "2770"]
[Result "1-0"]
[Round "4"]
[TimeControl "180+2"]
[Date "2023.06.27"]
[WhiteClock "0:00:28"]
[BlackClock "0:00:02"]
[Board "15"]

1. d4 Nf6 2. Nf3 d5 3. c4 c6 4. Nc3 e6 5. Bg5 Nbd7 6. e3 Qa5 7. cxd5 Nxd5 8. Qd2 Bb4 9. Rc1 Nxc3 10. bxc3 Ba3 11. Rb1 b6 12. Qd3 O-O 13. Be2 Re8 14. Bf4 Bf8 15. O-O Bb7 16. Ng5 Nf6 17. Bf3 h6 18. Ne4 Nxe4 19. Bxe4 Rad8 20. Qc2 Bd6 21. Bxd6 Rxd6 22. Rfd1 Qg5 23. f4 Qe7 24. c4 c5 25. Bxb7 Qxb7 26. dxc5 Rxd1+ 27. Qxd1 Qe4 28. Rb3 Qxc4 29. cxb6 axb6 30. Qd3 Qxd3 31. Rxd3 Ra8 32. a3 Ra4 33. Kf2 b5 34. Rb3 f5 35. Ke2 Kf7 36. Kd3 g5 37. g3 Kf6 38. Kc3 Rc4+ 39. Kb2 Rc5 40. Rc3 Rd5 41. Kc2 h5 42. h4 gxh4 43. gxh4 Ke7 44. Rc7+ Kf6 45. Kc3 Rd8 46. Rb7 Rd5 47. Rc7 Rd8 48. Kb4 Rd3 49. Rc3 Rd5 50. Rb3 Ke7 51. Ka5 Rd1 52. Kxb5 Rh1 53. a4 Rxh4 54. a5 Rh1 55. a6 Ra1 56. Kb6 h4 57. a7 h3 58. Rb2 Kd6 59. Kb7 Kd5 60. a8=Q Rxa8 61. Kxa8 Ke4 62. Rh2 Kxe3 63. Rxh3+ Kxf4 64. Kb7 e5 65. Kc6 e4 66. Kd5 e3 67. Kd4 e2 68. Rh1 Kf3 69. Kd3 f4 70. Re1 Kg3 71. Kxe2 1-0


[Site "https://www.chess.com"]

[Event "Titled Tuesday Blitz June 27 Late 2023"]
[White "Sanal, Vahap"]
[Black "Mahdavi, Reza"]
[WhiteFideId "6300545"]
[BlackFideId "12595926"]
[WhiteElo "2976"]
[BlackElo "2755"]
[Result "1-0"]
[Round "4"]
[TimeControl "180+2"]
[Date "2023.06.27"]
[WhiteClock "0:00:55"]
[BlackClock "0:00:39"]
[Board "16"]

1. e4 c5 2. Nf3 d6 3. d4 cxd4 4. Nxd4 Nf6 5. Nc3 a6 6. a3 e5 7. Nf5 d5 8. Bg5 d4 9. Bxf6 Qxf6 10. Nd5 Qd8 11. Qg4 g6 12. Qg3 Nc6 13. Nxd4 Bg7 14. Nxc6 bxc6 15. Nc3 Rb8 16. Bc4 h5 17. Rd1 Qe7 18. O-O h4 19. Qd3 h3 20. g3 O-O 21. b4 a5 22. bxa5 Qxa3 23. a6 Bg4 24. Ra1 Qc5 25. Bb3 Rb4 26. Qe3 Qxe3 27. fxe3 Bh6 28. Kf2 Ra8 29. Ra5 Kh7 30. Rfa1 c5 31. Nd5 Rbb8 32. Nf6+ 1-0


[Site "https://www.chess.com"]

[Event "Titled Tuesday Blitz June 27 Late 2023"]
[White "Preotu, Razvan"]
[Black "Kevlishvili, Robby"]
[WhiteFideId "2613280"]
[BlackFideId "1040634"]
[WhiteElo "2753"]
[BlackElo "2965"]
[Result "1-0"]
[Round "4"]
[TimeControl "180+2"]
[Date "2023.06.27"]
[WhiteClock "0:00:28"]
[BlackClock "0:00:09"]
[Board "17"]

1. e4 c5 2. Nf3 d6 3. d4 cxd4 4. Nxd4 Nf6 5. Nc3 Bd7 6. f3 e5 7. Nb3 Bc6 8. Be3 Be7 9. Qd2 O-O 10. O-O-O a5 11. Kb1 a4 12. Nc1 Nbd7 13. g4 Ra5 14. a3 d5 15. g5 d4 16. gxf6 Bxf6 17. Bf2 dxc3 18. Qxc3 Ra8 19. Bh3 Qe7 20. Bxd7 Bxd7 21. Bc5 Qe6 22. Bxf8 Rxf8 23. Nd3 Qh3 24. Nf2 Qe6 25. Ng4 Bc6 26. Nxf6+ Qxf6 27. Rd2 g6 28. Rhd1 Kg7 29. Qe3 Re8 30. Rd6 Qh4 31. R1d2 h5 32. Qf2 Qf4 33. Qg3 Qe3 34. Rg2 Kf8 35. Rf6 Ke7 36. Qxe5+ Kf8 37. Qd6+ Re7 38. Rxf7+ Kxf7 39. Qxg6+ Kf8 40. Qg8# 1-0


[Site "https://www.chess.com"]

[Event "Titled Tuesday Blitz June 27 Late 2023"]
[White "Indjic, Aleksandar"]
[Black "De La Villa Garcia, Jesus Maria"]
[WhiteFideId "911925"]
[BlackFideId "2200040"]
[WhiteElo "2956"]
[BlackElo "2643"]
[Result "1-0"]
[Round "4"]
[TimeControl "180+2"]
[Date "2023.06.27"]
[WhiteClock "0:01:18"]
[BlackClock "0:00:00"]
[Board "18"]

1. e4 c6 2. d4 d5 3. e5 Bf5 4. h4 h6 5. Bd3 Bxd3 6. Qxd3 e6 7. Ne2 c5 8. c3 Nc6 9. a3 c4 10. Qc2 Nge7 11. h5 b5 12. Nd2 a5 13. Nf3 b4 14. axb4 axb4 15. Rxa8 Qxa8 16. O-O b3 17. Qb1 Nf5 18. g4 Nfe7 19. Be3 Nc8 20. Nh2 Be7 21. f4 Nb6 22. f5 Kd7 23. fxe6+ fxe6 24. Qg6 Rg8 25. Bc1 Na4 26. Nf4 Nd8 27. Nf3 Qb7 28. g5 hxg5 29. Nxg5 Bxg5 30. Qxg5 Nxc3 31. bxc3 b2 32. Bxb2 Qxb2 33. h6 Qxc3 34. h7 Qxd4+ 35. Rf2 Re8 36. Qxg7+ Kc8 37. h8=Q Rxh8 38. Qxh8 Qd1+ 39. Kh2 c3 40. Nxe6 1-0


[Site "https://www.chess.com"]

[Event "Titled Tuesday Blitz June 27 Late 2023"]
[White "Pinheiro, Iung Alicio de O."]
[Black "Sjugirov, Sanan"]
[WhiteFideId "2104350"]
[BlackFideId "4189302"]
[WhiteElo "2584"]
[BlackElo "2943"]
[Result "0-1"]
[Round "4"]
[TimeControl "180+2"]
[Date "2023.06.27"]
[WhiteClock "0:00:00"]
[BlackClock "0:00:07"]
[Board "19"]

1. e4 c5 2. Nf3 Nc6 3. Nc3 d6 4. Bb5 e5 5. d3 Be7 6. Nd5 Nf6 7. Bc4 O-O 8. c3 Be6 9. Nxf6+ Bxf6 10. Qe2 Na5 11. Rg1 d5 12. exd5 Bxd5 13. Nd2 Nxc4 14. dxc4 Bc6 15. Ne4 Be7 16. g4 Qd7 17. g5 Kh8 18. Rg3 Rad8 19. f3 Bxe4 20. fxe4 f5 21. gxf6 Bxf6 22. Bg5 Bxg5 23. Rxg5 Qh3 24. Rg3 Qh6 25. Rd1 b6 26. Rd5 Qc1+ 27. Qd1 Qxb2 28. Qe2 Qb1+ 29. Qd1 Qxe4+ 30. Qe2 Qh1+ 31. Kd2 Rxd5+ 32. cxd5 Qxd5+ 33. Kc1 e4 34. Qg2 Qe5 35. Kb2 h6 36. h4 b5 37. h5 b4 38. Kb3 e3 39. Qe2 Qxc3+ 40. Ka4 Rb8 0-1


[Site "https://www.chess.com"]

[Event "Titled Tuesday Blitz June 27 Late 2023"]
[White "Perez Ponsa, Federico"]
[Black "Naroditsky, Daniel"]
[WhiteFideId "117927"]
[BlackFideId "2026961"]
[WhiteElo "2797"]
[BlackElo "3098"]
[Result "0-1"]
[Round "4"]
[TimeControl "180+2"]
[Date "2023.06.27"]
[WhiteClock "0:00:06"]
[BlackClock "0:00:09"]
[Board "20"]

1. e4 Nf6 2. e5 Nd5 3. d4 d6 4. Nf3 dxe5 5. Nxe5 c6 6. Be2 Bf5 7. O-O Nd7 8. Nf3 e6 9. c4 N5f6 10. Nh4 Bg6 11. Nc3 Bd6 12. g3 O-O 13. Nxg6 hxg6 14. Be3 Qe7 15. Bf3 Rad8 16. Qb3 Rb8 17. Rfe1 Rfe8 18. Rad1 e5 19. d5 Bc5 20. Bxc5 Nxc5 21. Qa3 cxd5 22. Nxd5 Qf8 23. Nxf6+ gxf6 24. Bd5 a6 25. Qf3 Kg7 26. b4 Ne6 27. Bxe6 Rxe6 28. c5 b6 29. cxb6 Qxb4 30. Rb1 Qa5 31. b7 Rb6 32. Kg2 R8xb7 33. Rxb6 Rxb6 34. Re2 Qc5 35. h4 Qc6 36. Qxc6 Rxc6 37. Re4 Rc5 38. Ra4 a5 39. Kf3 f5 40. Ke3 Kf6 41. g4 fxg4 42. Rxg4 Rc3+ 43. Ke4 Ra3 44. f4 Ra4+ 45. Ke3 exf4+ 46. Rxf4+ Rxf4 47. Kxf4 Ke6 48. Kg5 a4 49. a3 f5 50. Kf4 Kf6 51. Kf3 Ke5 52. Ke3 f4+ 53. Kf3 Kf5 0-1


[Site "https://www.chess.com"]

[Event "Titled Tuesday Blitz June 27 Late 2023"]
[White "Leitao, Rafael"]
[Black "Grischuk, Alexander"]
[WhiteFideId "2101246"]
[BlackFideId "4126025"]
[WhiteElo "2787"]
[BlackElo "3021"]
[Result "1/2-1/2"]
[Round "4"]
[TimeControl "180+2"]
[Date "2023.06.27"]
[WhiteClock "0:00:15"]
[BlackClock "0:00:03"]
[Board "21"]

1. c4 g6 2. g3 Bg7 3. Bg2 c5 4. Nc3 Nc6 5. d3 e6 6. Nf3 Nge7 7. h4 h6 8. Bd2 b6 9. a3 Bb7 10. Rb1 d6 11. b4 Qd7 12. O-O Rd8 13. Qc1 Nf5 14. Re1 Ncd4 15. Nxd4 Nxd4 16. Bxb7 Qxb7 17. Nb5 Nxb5 18. cxb5 g5 19. h5 O-O 20. Bc3 e5 21. bxc5 dxc5 22. Qe3 f5 23. Bxe5 Rfe8 24. d4 Qd5 25. Qb3 Qxb3 26. Rxb3 Bxe5 27. dxe5 Rxe5 28. Rb2 Rd4 29. e3 Kf7 30. Ra1 Rd6 31. Rc2 f4 32. exf4 gxf4 33. g4 Kf6 34. Kg2 Kg5 35. f3 Rd3 36. a4 Ree3 37. Rf1 Rd4 38. a5 Rb3 39. axb6 axb6 40. Re2 Rxb5 41. Re5+ Kf6 42. Rfe1 Rb2+ 43. Kh3 Rd6 44. Rf5+ Kg7 45. Re7+ Kg8 46. Re8+ Kg7 47. Re7+ Kg8 48. Re8+ Kg7 49. Re7+ 1/2-1/2


[Site "https://www.chess.com"]

[Event "Titled Tuesday Blitz June 27 Late 2023"]
[White "Tsaruk, Maksim"]
[Black "Salem, A.R. Saleh"]
[WhiteFideId "13511173"]
[BlackFideId "9301348"]
[WhiteElo "2784"]
[BlackElo "3001"]
[Result "0-1"]
[Round "4"]
[TimeControl "180+2"]
[Date "2023.06.27"]
[WhiteClock "0:00:00"]
[BlackClock "0:00:32"]
[Board "22"]

1. e4 c6 2. d4 d5 3. Nd2 dxe4 4. Nxe4 Nf6 5. Nxf6+ exf6 6. c3 Bd6 7. Bd3 O-O 8. Qc2 Re8+ 9. Ne2 h5 10. O-O h4 11. h3 Nd7 12. Be3 Nf8 13. c4 a5 14. Rae1 a4 15. Nc3 a3 16. c5 Bc7 17. b4 Ne6 18. Qd2 b6 19. Be4 bxc5 20. Bxc6 Qd6 21. f4 Qxc6 22. d5 Qa6 23. dxe6 Bxe6 24. Bxc5 Red8 25. Qf2 Qc4 26. Re3 Rd3 27. Rxd3 Qxd3 28. Qf3 Rd8 29. Rd1 Qxf3 30. Rxd8+ Bxd8 31. gxf3 g5 32. b5 Bxh3 33. Bxa3 Bb6+ 34. Kh2 Be6 35. Bd6 Ba5 36. Ne4 Kg7 37. a3 Bc4 38. Be7 Bxb5 39. Bxf6+ Kg6 40. fxg5 Bd7 41. Be5 Kf5 42. Bd6 Kg6 43. Bb4 Bc7+ 44. Bd6 Bd8 45. Nc5 Bc6 46. a4 Bxf3 47. a5 Bxa5 48. Be7 Bg4 49. Bf6 Bc7+ 50. Kg2 h3+ 51. Kf2 h2 52. Kg2 Bf3+ 0-1


[Site "https://www.chess.com"]

[Event "Titled Tuesday Blitz June 27 Late 2023"]
[White "Rathanvel, V S"]
[Black "Ter-Sahakyan, Samvel"]
[WhiteFideId "25002112"]
[BlackFideId "13302531"]
[WhiteElo "2761"]
[BlackElo "2906"]
[Result "1-0"]
[Round "4"]
[TimeControl "180+2"]
[Date "2023.06.27"]
[WhiteClock "0:00:29"]
[BlackClock "0:00:00"]
[Board "23"]

1. e4 c5 2. Nf3 e6 3. d4 cxd4 4. Nxd4 Nf6 5. Nc3 Nc6 6. Ndb5 Bc5 7. Nd6+ Ke7 8. Bf4 e5 9. Nf5+ Kf8 10. Be3 Bb4 11. a3 Bxc3+ 12. bxc3 d5 13. exd5 Nxd5 14. Bc5+ Kg8 15. Qf3 Bxf5 16. Qxf5 Qa5 17. Bb4 Ndxb4 18. cxb4 Nxb4 19. Bc4 Nd5+ 20. Kf1 Nf6 21. Rd1 Qc7 22. Bb3 h5 23. h4 Rd8 24. Ke2 Re8 25. Rh3 Kf8 26. Rhd3 1-0


[Site "https://www.chess.com"]

[Event "Titled Tuesday Blitz June 27 Late 2023"]
[White "Santos Ruiz, Miguel"]
[Black "Bordi, Kevin"]
[WhiteFideId "22291482"]
[BlackFideId "621862"]
[WhiteElo "2759"]
[BlackElo "2857"]
[Result "1-0"]
[Round "4"]
[TimeControl "180+2"]
[Date "2023.06.27"]
[WhiteClock "0:00:03"]
[BlackClock "0:00:06"]
[Board "24"]

1. e4 d5 2. exd5 Qxd5 3. Nc3 Qa5 4. d4 Nf6 5. Bc4 Bg4 6. Ne2 e6 7. Bd2 c6 8. h3 Bh5 9. Nd5 Qd8 10. Nxf6+ Qxf6 11. Be3 Nd7 12. Qd2 Nb6 13. Bd3 Qd8 14. Nf4 Bg6 15. Nxg6 hxg6 16. Qe2 Nd5 17. Bd2 Bd6 18. g3 Nb4 19. Be4 Qe7 20. c3 Nd5 21. h4 Nf6 22. Bf3 a5 23. Bg5 a4 24. O-O Qc7 25. Kg2 Nh5 26. Rad1 Ra5 27. c4 Be7 28. Be3 Nf6 29. Bf4 Bd6 30. Bg5 Be7 31. Rfe1 O-O 32. Bd2 Raa8 33. Rh1 Rad8 34. Bc3 Nh7 35. h5 g5 36. Be4 f5 37. Bc2 Qc8 38. Rhe1 Rf6 39. d5 Rh6 40. dxe6 f4 41. Rd7 Rf8 42. Rxe7 f3+ 43. Qxf3 Rxf3 44. Kxf3 Nf6 45. Rf7 Qe8 46. Kg2 Rxh5 47. Bg6 Rh6 48. Rxg7+ Kxg7 49. Bxe8 Rh8 50. Bd7 Kg6 51. Bxf6 Kxf6 52. e7 g4 53. e8=Q Rxe8 54. Rxe8 1-0


[Site "https://www.chess.com"]

[Event "Titled Tuesday Blitz June 27 Late 2023"]
[White "Hamidi, Amir Mohammad"]
[Black "Droin, Augustin"]
[WhiteFideId "12563285"]
[BlackFideId "45105987"]
[WhiteElo "2839"]
[BlackElo "2557"]
[Result "0-1"]
[Round "4"]
[TimeControl "180+2"]
[Date "2023.06.27"]
[WhiteClock "0:00:03"]
[BlackClock "0:00:42"]
[Board "25"]

1. d4 Nf6 2. c4 e6 3. Nc3 Bb4 4. e3 b6 5. f3 Nc6 6. e4 O-O 7. Ne2 d5 8. cxd5 exd5 9. e5 Ne8 10. a3 Bxc3+ 11. bxc3 Ne7 12. Ng3 Nf5 13. Bd3 Nxg3 14. hxg3 g6 15. Qd2 f5 16. Qh6 Rf7 17. g4 Qe7 18. a4 c5 19. Bg5 Qc7 20. Kd2 Be6 21. Be3 Rc8 22. a5 b5 23. dxc5 Qxe5 24. Bd4 Qg3 25. Qxg6+ Ng7 26. Qxh7+ Kf8 27. Qh3 Qf4+ 28. Be3 Qe5 29. Rhe1 fxg4 30. Bd4 Qxe1+ 31. Rxe1 gxh3 32. g3 Bf5 33. Bxb5 Ne6 34. g4 Nxd4 35. cxd4 Bd7 36. Be2 Re8 37. Rh1 Bxg4 0-1


[Site "https://www.chess.com"]

[Event "Titled Tuesday Blitz June 27 Late 2023"]
[White "Wieczorek, Oskar"]
[Black "Mamedov, Rauf"]
[WhiteFideId "1133950"]
[BlackFideId "13401653"]
[WhiteElo "2721"]
[BlackElo "3048"]
[Result "1-0"]
[Round "4"]
[TimeControl "180+2"]
[Date "2023.06.27"]
[WhiteClock "0:00:06"]
[BlackClock "0:00:17"]
[Board "26"]

1. e4 c5 2. Nf3 d6 3. d4 cxd4 4. Nxd4 Nf6 5. Nc3 g6 6. Be2 Bg7 7. O-O O-O 8. Re1 Nc6 9. Nb3 a5 10. Bb5 Be6 11. a4 Rc8 12. Nd5 Nb4 13. c4 Nc6 14. Bg5 Ne5 15. Rc1 h6 16. Bxf6 exf6 17. f4 Bxd5 18. fxe5 Be6 19. exd6 f5 20. e5 f4 21. Nd4 Rc5 22. Nf3 g5 23. Qd4 b6 24. Nd2 Bf5 25. Nb3 Rc8 26. c5 bxc5 27. Rxc5 Rb8 28. Qc3 g4 29. Nd4 Bg6 30. Nc6 Qh4 31. Nxb8 f3 32. g3 f2+ 33. Kxf2 Qxh2+ 34. Ke3 Rxb8 35. d7 Kh7 36. Rc8 Qxg3+ 37. Kd2 Qf4+ 38. Kd1 Rxb5 39. d8=Q h5 40. axb5 Qf5 41. Qg8+ Kh6 42. Qe3+ Qg5 43. Qxg5+ Kxg5 44. Qxg7 1-0


[Site "https://www.chess.com"]

[Event "Titled Tuesday Blitz June 27 Late 2023"]
[White "Pranesh M"]
[Black "Chen, Justin"]
[WhiteFideId "35028600"]
[BlackFideId "2098199"]
[WhiteElo "3020"]
[BlackElo "2624"]
[Result "1-0"]
[Round "4"]
[TimeControl "180+2"]
[Date "2023.06.27"]
[WhiteClock "0:00:58"]
[BlackClock "0:00:01"]
[Board "27"]

1. e4 e5 2. Nf3 Nf6 3. Nxe5 d6 4. Nf3 Nxe4 5. Bd3 d5 6. O-O Be7 7. Re1 Bf5 8. c4 Nd6 9. Bxf5 Nxf5 10. cxd5 O-O 11. Nc3 Nd7 12. Qb3 Nb6 13. a4 a5 14. d3 Bb4 15. Bg5 Qd7 16. Ne5 Qc8 17. Nc4 Nd7 18. Rec1 Nd4 19. Qd1 Nc5 20. d6 Ncb3 21. Nd5 Kh8 22. Ncb6 Qf5 23. dxc7 Qxg5 24. Rc4 Rae8 25. Nxb4 axb4 26. c8=Q Rxc8 27. Nxc8 Nxa1 28. Qxa1 Nf3+ 29. Kh1 Nh4 30. Qf1 Ng6 31. Nd6 Qd5 32. Ne4 Ne5 33. Rxb4 Nxd3 34. Nc3 Qf5 35. Rd4 Ne5 36. Rd5 Qf6 37. Qe2 Nc6 38. h3 h6 39. Kh2 Rd8 40. Rxd8+ Qxd8 41. Qe3 Qd6+ 42. Qg3 Qb4 43. Nd5 Qxb2 44. Nc7 Qb4 45. Ne8 Qe4 46. Qxg7# 1-0


[Site "https://www.chess.com"]

[Event "Titled Tuesday Blitz June 27 Late 2023"]
[White "Martinez Ramirez, Lennis"]
[Black "Oparin, Grigoriy"]
[WhiteFideId "3509079"]
[BlackFideId "24125890"]
[WhiteElo "2620"]
[BlackElo "3008"]
[Result "1/2-1/2"]
[Round "4"]
[TimeControl "180+2"]
[Date "2023.06.27"]
[WhiteClock "0:00:07"]
[BlackClock "0:00:10"]
[Board "28"]

1. Nf3 c5 2. e4 Nc6 3. Bb5 g6 4. Bxc6 bxc6 5. d4 Bg7 6. dxc5 Qa5+ 7. c3 Qxc5 8. O-O Nf6 9. Re1 O-O 10. h3 d6 11. e5 dxe5 12. Rxe5 Qd6 13. Qe1 Nd5 14. Re2 e5 15. Nbd2 Ba6 16. Ne4 Qe7 17. Rc2 h6 18. Be3 Nxe3 19. Qxe3 f5 20. Qc5 Qe6 21. Nd6 Rfd8 22. Rd2 e4 23. Ne1 Bf8 24. Rad1 Rd7 25. Qxc6 Rad8 26. Qxa6 Bxd6 27. Qe2 Qxa2 28. g3 Qe6 29. Ng2 g5 30. h4 Bc5 31. hxg5 hxg5 32. Rxd7 Rxd7 33. Rxd7 Qxd7 34. Qc4+ Kg7 35. Qxc5 Qd1+ 36. Kh2 Qh5+ 37. Kg1 Qd1+ 38. Kh2 Qh5+ 39. Nh4 gxh4 40. Qxa7+ Kg6 41. Qb6+ Kf7 42. Qc7+ Ke6 43. Qc6+ Ke7 44. Qc5+ Ke6 45. Qc6+ Ke7 46. Qc7+ Ke6 47. Qc8+ Ke7 48. Qc7+ Ke6 1/2-1/2


[Site "https://www.chess.com"]

[Event "Titled Tuesday Blitz June 27 Late 2023"]
[White "He, Anthony"]
[Black "Piesik, Piotr"]
[WhiteFideId "2088215"]
[BlackFideId "1136194"]
[WhiteElo "2994"]
[BlackElo "2618"]
[Result "1-0"]
[Round "4"]
[TimeControl "180+2"]
[Date "2023.06.27"]
[WhiteClock "0:01:05"]
[BlackClock "0:01:04"]
[Board "29"]

1. e4 c6 2. Nf3 d5 3. d3 g6 4. Nbd2 Bg7 5. g3 Nf6 6. Bg2 O-O 7. O-O Bg4 8. h3 Bxf3 9. Qxf3 dxe4 10. dxe4 Nbd7 11. Qe2 e5 12. a4 Qc7 13. Nc4 Nc5 14. b3 Rfd8 15. Bb2 Nfd7 16. Rfd1 Ne6 17. h4 Ndc5 18. Qe3 Nd4 19. Rd2 h5 20. Rad1 Nde6 21. Bh3 Rxd2 22. Rxd2 Nd4 23. Nxe5 Bxe5 24. Bxd4 Bxd4 25. Qxd4 b6 26. Bf1 Re8 27. Bg2 Qe5 28. Qxe5 Rxe5 29. f4 Re7 30. e5 Rc7 31. Rd6 Ne6 32. Bxc6 Ng7 33. Be4 Kf8 34. Kf2 Ke7 35. Ke3 Rc3+ 36. Kf2 Ne6 37. Rc6 Nc5 38. Bd5 Rxc2+ 39. Ke3 Rc3+ 40. Kd4 Rd3+ 41. Kc4 Rxb3 42. Rxc5 1-0


[Site "https://www.chess.com"]

[Event "Titled Tuesday Blitz June 27 Late 2023"]
[White "Andrej2004"]
[Black "Makarian, Rudik"]
[BlackFideId "44105681"]
[WhiteElo "2616"]
[BlackElo "2943"]
[Result "1-0"]
[Round "4"]
[TimeControl "180+2"]
[Date "2023.06.27"]
[WhiteClock "0:00:03"]
[BlackClock "0:00:08"]
[Board "30"]

1. Nf3 Nf6 2. g3 b5 3. Bg2 Bb7 4. b3 e6 5. Bb2 Be7 6. O-O O-O 7. d3 c5 8. e4 d5 9. exd5 Nxd5 10. Re1 Nc6 11. Nbd2 b4 12. Qe2 Bf6 13. Ne5 Rb8 14. Ndc4 Nd4 15. Bxd4 cxd4 16. a3 Nc3 17. Qg4 a5 18. axb4 axb4 19. Nc6 Bxc6 20. Bxc6 Qc7 21. Bg2 g6 22. h4 h5 23. Qf3 Kg7 24. Ra5 Rb5 25. Rxb5 Nxb5 26. Ra1 Na3 27. Qe2 Qc5 28. Be4 Rd8 29. Rf1 Rd7 30. Qd1 Ra7 31. Kg2 Nb5 32. Qf3 Ra2 33. Rc1 Na3 34. Qe2 Nb5 35. Qf3 Nc3 36. Bb7 Qa7 37. Bc6 Ra1 38. Rxa1 Qxa1 39. Nd6 Qe1 40. Ne8+ Kf8 41. Nxf6 Ne2 42. Ne4 Qg1+ 43. Kh3 Qf1+ 44. Qg2 Qe1 45. Bb5 Kg7 46. Bc4 Qd1 47. Ng5 Qe1 48. Kh2 Qd1 49. Qf3 Qg1+ 50. Kh3 Qf1+ 51. Qg2 Qd1 52. Kh2 Qe1 53. Nh3 Qd2 54. Qf3 Qe1 55. Qg2 Qd1 56. Ng1 Nc3 57. Qf3 Qxc2 58. Nh3 Qa2 59. Ng5 Qa7 60. Qf4 Qe7 61. Qxd4+ Kg8 62. Qf4 Ne2 63. Qe5 Nc3 64. Nxe6 fxe6 65. Bxe6+ Kf8 66. Qh8# 1-0


[Site "https://www.chess.com"]

[Event "Titled Tuesday Blitz June 27 Late 2023"]
[White "Rasulov, Vugar"]
[Black "Aldokhin, Ivan"]
[WhiteFideId "13402390"]
[BlackFideId "24115720"]
[WhiteElo "2928"]
[BlackElo "2610"]
[Result "1-0"]
[Round "4"]
[TimeControl "180+2"]
[Date "2023.06.27"]
[WhiteClock "0:02:02"]
[BlackClock "0:00:06"]
[Board "31"]

1. e4 c5 2. Nf3 e6 3. b3 b6 4. Bb2 Bb7 5. Nc3 d6 6. d4 cxd4 7. Nxd4 Nf6 8. Bb5+ Nbd7 9. Qe2 a6 10. Bxd7+ Qxd7 11. O-O-O Qc7 12. g4 b5 13. a3 Rc8 14. g5 Nd7 15. h4 Qa5 16. Kb1 Be7 17. Nd5 Bd8 18. Rh3 O-O 19. b4 Qa4 20. Nc3 Rxc3 21. Rxc3 a5 22. Qxb5 Qxb5 23. Nxb5 axb4 24. axb4 Bxe4 25. Nxd6 Bg6 26. Nb7 1-0


[Site "https://www.chess.com"]

[Event "Titled Tuesday Blitz June 27 Late 2023"]
[White "Xiong, Jeffery"]
[Black "HamedWafa4"]
[WhiteFideId "2047640"]
[WhiteElo "2923"]
[BlackElo "2613"]
[Result "1-0"]
[Round "4"]
[TimeControl "180+2"]
[Date "2023.06.27"]
[WhiteClock "0:02:09"]
[BlackClock "0:00:55"]
[Board "32"]

1. e4 e5 2. Nf3 Nc6 3. Nc3 Nf6 4. d4 exd4 5. Nxd4 Bb4 6. Nxc6 bxc6 7. Bd3 d5 8. exd5 cxd5 9. O-O O-O 10. h3 c6 11. Qf3 Re8 12. Bf4 Bd6 13. Rfe1 Bxf4 14. Qxf4 Be6 15. Na4 Qa5 16. b3 Nd7 17. Re3 Nb6 18. Nxb6 Qxb6 19. Rae1 Bd7 20. Re7 Be6 21. R1xe6 fxe6 22. Qf7+ 1-0


[Site "https://www.chess.com"]

[Event "Titled Tuesday Blitz June 27 Late 2023"]
[White "Atanasov, Anthony"]
[Black "Tari, Aryan"]
[WhiteFideId "2623897"]
[BlackFideId "1510045"]
[WhiteElo "2610"]
[BlackElo "2920"]
[Result "0-1"]
[Round "4"]
[TimeControl "180+2"]
[Date "2023.06.27"]
[WhiteClock "0:00:00"]
[BlackClock "0:00:05"]
[Board "33"]

1. e4 c6 2. d4 d5 3. exd5 cxd5 4. Bd3 Nf6 5. Bf4 Qb6 6. Nf3 Qxb2 7. Nbd2 Nc6 8. Nb3 Qa3 9. c3 e6 10. O-O Be7 11. Qe2 O-O 12. Rfe1 a5 13. Ne5 a4 14. Bc1 Qd6 15. Nd2 Qc7 16. f4 Qa5 17. Ndf3 Qxc3 18. Bd2 Qa3 19. Bb5 Ne4 20. Be3 Nc3 21. Qd3 Nxb5 22. Qxb5 Qd6 23. Rac1 Ra6 24. f5 exf5 25. Bf4 Qb4 26. Qd3 Be6 27. Rb1 Nxe5 28. Nxe5 Qa5 29. Bd2 Qc7 30. Rec1 Qb8 31. Qxa6 bxa6 32. Rxb8 Rxb8 33. Nc6 Re8 34. Nxe7+ Rxe7 35. Rc6 h5 36. Kf2 Rb7 37. Bc3 Rb1 38. Rxa6 Rc1 39. Bb4 Rc2+ 40. Kf3 Rxa2 41. g3 Rxh2 42. Rxa4 h4 43. gxh4 Rxh4 44. Be1 Re4 45. Bg3 g5 46. Ra8+ Kh7 47. Be5 g4+ 48. Kg3 f4+ 49. Kh4 Rxe5 50. dxe5 Kg6 51. Ra1 Kf5 52. Re1 d4 53. Re2 d3 54. Re1 Bb3 55. e6 fxe6 56. Rb1 d2 57. Rg1 d1=Q 0-1


[Site "https://www.chess.com"]

[Event "Titled Tuesday Blitz June 27 Late 2023"]
[White "Durarbayli, Vasif"]
[Black "Isajevsky, Anton"]
[WhiteFideId "13402935"]
[BlackFideId "4142500"]
[WhiteElo "2918"]
[BlackElo "2609"]
[Result "1-0"]
[Round "4"]
[TimeControl "180+2"]
[Date "2023.06.27"]
[WhiteClock "0:00:39"]
[BlackClock "0:00:00"]
[Board "34"]

1. e4 c5 2. Nf3 d6 3. d4 cxd4 4. Nxd4 Nf6 5. Nc3 a6 6. Be2 e5 7. Nb3 Be6 8. Bg5 Nbd7 9. Qd2 Rc8 10. f3 Be7 11. h4 O-O 12. g4 b5 13. O-O-O b4 14. Nd5 Bxd5 15. exd5 a5 16. Bb5 Qc7 17. Kb1 Nb6 18. Bxf6 Bxf6 19. g5 Be7 20. Nxa5 Nxd5 21. Nc6 Nf4 22. Qxb4 Rfe8 23. Rhe1 Bf8 24. Qb3 d5 25. c4 d4 26. Nxd4 Red8 27. Nc6 Rxd1+ 28. Rxd1 Qb6 29. Nxe5 Qc5 30. Nd7 Qf2 31. a4 Ne6 32. a5 1-0


[Site "https://www.chess.com"]

[Event "Titled Tuesday Blitz June 27 Late 2023"]
[White "Muradli, Mahammad"]
[Black "Grinev, Valeriy"]
[WhiteFideId "13409301"]
[BlackFideId "14117517"]
[WhiteElo "2906"]
[BlackElo "2608"]
[Result "1-0"]
[Round "4"]
[TimeControl "180+2"]
[Date "2023.06.27"]
[WhiteClock "0:02:02"]
[BlackClock "0:01:51"]
[Board "35"]

1. c4 c5 2. g3 g6 3. Bg2 Bg7 4. Nc3 Nc6 5. b3 e6 6. Bb2 Nge7 7. Nf3 b6 8. O-O Bb7 9. d4 Nxd4 10. Nxd4 Bxg2 11. Ncb5 Bxf1 12. Nxe6 dxe6 13. Bxg7 Qxd1 14. Rxd1 Rg8 15. Nc7# 1-0


[Site "https://www.chess.com"]

[Event "Titled Tuesday Blitz June 27 Late 2023"]
[White "Sun, Rick"]
[Black "Suleymanli, Aydin"]
[WhiteFideId "30909481"]
[BlackFideId "13413937"]
[WhiteElo "2604"]
[BlackElo "2898"]
[Result "0-1"]
[Round "4"]
[TimeControl "180+2"]
[Date "2023.06.27"]
[WhiteClock "0:00:00"]
[BlackClock "0:00:06"]
[Board "36"]

1. d4 Nf6 2. Nc3 d6 3. e4 a6 4. f3 g6 5. Be3 b5 6. Qd2 h5 7. O-O-O Nc6 8. Kb1 Bg7 9. h4 e5 10. Nce2 O-O 11. Bh6 Bxh6 12. Qxh6 exd4 13. Nf4 Qe7 14. Ngh3 Re8 15. Nd5 Nxd5 16. exd5 Ne5 17. g4 hxg4 18. Nf4 gxf3 19. Nh5 gxh5 20. Rg1+ Bg4 21. Rxd4 f5 22. Qxh5 Qg7 0-1


[Site "https://www.chess.com"]